Map: Dusty Gorge

Players

llllllllllll

  • Race: Terran Terran
  • League: Master
  • Spawn Location: 3:00

Terminus

  • Race: Terran Terran
  • League: Master
  • Spawn Location: 5:00

DKCROSSFIRE - Winner!

  • Race: Terran Terran
  • Spawn Location: 11:00

Adversity - Winner!

  • Race: Terran Terran
  • Spawn Location: 9:00

VOD

Have the link to the VOD?

Description

Time

  • Played on: Sept. 1, 2018, 12:25 p.m.
  • Length: 8:12
Show
View Real Time Build Order
Export as new Build Order

llllllllllll Terran 

Build Orders: 1/1/1, Cyclone Opening 

Get SALT Encoding   

  12  0:02  SCV  
  14  0:14  SCV  
  14  0:18  Supply Depot  
  14  0:26  SCV  
  15  0:29  Refinery  
  15  0:40  SCV  
  16  0:46  Barracks  
  16  0:52  SCV  
  17  0:57  Refinery  
  17  1:04  SCV  
  18  1:16  SCV  
  19  1:33  Orbital Command  
  19  1:36  Factory  
  19  1:40  Reaper  
  20  1:59  SCV  
  21  2:04  Supply Depot  
  21  2:13  Reaper, SCV  
  22  2:26  Hellion  
  22  2:27  Starport  
  24  2:53  Liberator  
  24  2:54  Cyclone  
  24  2:55  SCV  
  24  2:57  Barracks Tech Lab  
  27  3:01  Supply Depot  
  27  3:07  SCV  
  31  3:22  SCV  
  31  3:23  Supply Depot  
  32  3:35  Hellion  
  32  3:37  SCV  
  32  3:39  Marine  
  36  4:00  Marine  
  36  4:01  Hellion  
  39  4:03  SCV  
  39  4:05  Supply Depot  
  36  4:16  SCV  
  30  4:18  Marine  
  30  4:22  Cyclone  
  27  4:28  SCV, Banshee  
  25  4:37  Marine  
  18  4:44  Orbital Command  
  6  5:38  Cloaking Field  
  8  5:59  SCV  
  7  6:32  SCV  
  8  6:44  SCV  
  6  7:04  Banshee  
  6  7:15  SCV  
  7  7:35  Cyclone  
Show
View Real Time Build Order
Export as new Build Order

Terminus Terran 

Build Orders: Cyclone Opening 

Get SALT Encoding   

  12  0:00  SCV  
  13  0:13  SCV  
  14  0:18  Supply Depot  
  14  0:25  Refinery  
  14  0:29  SCV  
  15  0:43  Barracks  
  15  0:46  SCV  
  16  0:58  SCV  
  16  1:02  Refinery  
  17  1:10  SCV  
  18  1:22  SCV  
  19  1:34  SCV  
  19  1:35  Reaper  
  19  1:37  Factory  
  21  1:50  Orbital Command  
  21  2:10  Supply Depot  
  21  2:12  Marine  
  22  2:18  SCV  
  23  2:30  Starport  
  23  2:32  Cyclone, Reaper  
  28  2:51  SCV  
  28  3:03  SCV  
  28  3:04  Barracks Reactor  
  29  3:10  Medivac  
  31  3:15  Supply Depot  
  31  3:31  SCV  
  30  3:37  Cyclone  
  30  3:39  Supply Depot  
  30  3:41  Marine x2  
  35  3:56  Medivac  
  35  4:00  Command Center  
  35  4:02  Marine x2  
  39  4:05  Engineering Bay  
  39  4:09  Supply Depot  
  39  4:10  Factory Tech Lab  
  39  4:26  Marine x2  
  39  4:30  Siege Tank  
  44  4:31  Starport Tech Lab  
  38  5:08  Cloaking Field, Siege Tank, Banshee  
  33  5:30  Marine  
  33  5:32  SCV  
  34  5:44  SCV  
  34  5:45  Siege Tank  
  38  5:52  Banshee  
  38  5:56  SCV  
  42  6:08  SCV  
  43  6:13  Orbital Command  
  42  6:20  SCV  
  42  6:21  Siege Tank  
  35  6:32  SCV  
  35  6:41  SCV  
  35  6:45  SCV  
  37  6:49  Marine x2  
  37  6:53  SCV  
  40  6:55  Barracks  
  40  6:56  Barracks  
  35  7:20  Marine x2  
  37  7:27  SCV  
  37  7:28  Siege Tank, Banshee  
  41  7:31  SCV  
  42  7:38  Marine x2  
  42  7:39  SCV  
  42  7:43  SCV  
  46  7:44  Barracks Tech Lab  
  46  7:45  Barracks Reactor  
  46  7:52  Supply Depot, SCV  
  46  7:55  SCV  
Show
View Real Time Build Order
Export as new Build Order

DKCROSSFIRE Terran - Winner!

Build Orders: Cyclone Opening, Gas First Reaper Expand 

Get SALT Encoding   

  12  0:01  SCV  
  13  0:13  SCV  
  14  0:20  Supply Depot  
  14  0:26  Refinery  
  14  0:29  SCV  
  15  0:44  Barracks  
  15  0:47  SCV  
  16  0:59  SCV  
  16  1:04  Supply Depot  
  17  1:11  SCV  
  18  1:24  SCV  
  19  1:26  Refinery  
  19  1:31  Reaper  
  20  1:37  Orbital Command  
  20  1:57  Factory  
  20  2:20  Command Center  
  20  2:29  SCV  
  20  2:54  Cyclone  
  23  3:00  SCV  
  23  3:02  Starport  
  24  3:06  Barracks Reactor  
  24  3:12  Supply Depot  
  24  3:13  SCV  
  25  3:25  SCV  
  26  3:28  Refinery  
  26  3:37  SCV, Orbital Command  
  26  3:40  Refinery, Viking  
  29  3:49  SCV  
  29  3:54  Cyclone  
  33  4:01  SCV  
  33  4:02  SCV  
  35  4:09  Cyclone  
  38  4:13  SCV  
  38  4:14  SCV  
  40  4:19  Viking  
  42  4:25  SCV  
  42  4:26  SCV  
  44  4:34  Cyclone  
  44  4:37  SCV  
  48  4:38  SCV  
  49  4:49  Viking, SCV  
  49  4:51  SCV  
  51  5:01  SCV  
  49  5:12  Barracks Reactor  
  49  5:18  Factory, Supply Depot x2  
  49  5:24  Cyclone  
  52  5:30  Cyclone, Supply Depot  
  55  5:45  Engineering Bay  
  55  5:57  Viking x2  
  57  5:58  SCV  
  57  5:59  Supply Depot  
  60  6:05  Factory Tech Lab  
  60  6:08  SCV  
  60  6:09  Liberator  
  61  6:17  Cyclone  
  61  6:18  SCV  
  65  6:21  Missile Turret  
  65  6:30  Missile Turret  
  65  6:32  SCV  
  69  6:33  Missile Turret  
  69  6:34  SCV  
  69  6:39  Supply Depot x2  
  70  6:41  Siege Tank  
  70  6:44  SCV  
  74  6:48  SCV  
  74  6:52  Missile Turret  
  75  7:02  Liberator  
  75  7:04  Cyclone x2  
  78  7:13  Cyclone  
  72  7:26  SCV  
  72  7:28  Supply Depot  
  73  7:36  Cyclone  
  79  7:46  SCV  
  79  7:50  SCV  
  87  7:59  SCV  
Show
View Real Time Build Order
Export as new Build Order

Adversity Terran - Winner!

Build Orders:  

Get SALT Encoding   

  12  0:02  SCV  
  13  0:14  SCV  
  13  0:19  Supply Depot  
  14  0:26  SCV  
  15  0:32  Refinery  
  15  0:40  SCV  
  16  0:48  Barracks  
  16  0:53  SCV  
  17  1:05  Barracks  
  17  1:17  Barracks  
  17  1:21  SCV  
  18  1:36  Reaper  
  19  1:41  Orbital Command  
  19  1:53  Refinery, Reaper  
  20  2:06  Supply Depot, Reaper  
  21  2:11  Reaper  
  21  2:15  SCV  
  23  2:28  SCV  
  23  2:29  Reaper  
  25  2:33  Supply Depot  
  25  2:39  Reaper  
  25  2:51  Reaper  
  26  3:01  Reaper  
  27  3:10  Command Center  
  27  3:12  Reaper, SCV  
  29  3:23  Reaper  
  29  3:24  SCV  
  31  3:34  Reaper  
  31  3:38  SCV  
  32  3:44  Reaper  
  32  3:56  Reaper  
  32  3:59  Barracks, SCV  
  32  4:01  Barracks  
  34  4:06  Reaper  
  36  4:29  Orbital Command  
  36  4:34  Barracks Tech Lab  
  33  4:40  SCV  
  30  4:47  Marine x2  
  32  4:53  SCV  
  33  5:06  Marine x2  
  30  5:09  Stimpack  
  30  5:10  Marine  
  29  5:32  Engineering Bay  
  29  5:33  Marine x3  
  32  5:36  SCV  
  32  5:39  SCV  
  33  5:57  Marine x5  
  33  6:00  Missile Turret x2  
  38  6:11  Factory  
  38  6:16  SCV x2  
  39  6:30  Marine  
  39  6:31  Marine x4  
  41  6:33  SCV x2  
  41  6:45  SCV  
  41  6:46  SCV  
  43  6:48  Marine x2  
  43  6:49  Marine x3  
  48  6:57  SCV  
  48  6:58  SCV  
  50  7:07  Supply Depot x2  
  50  7:09  SCV  
  50  7:10  SCV  
  50  7:12  Starport  
  50  7:13  Factory Reactor  
  52  7:18  Marine x2  
  54  7:25  Supply Depot  
  54  7:28  Marine x3, SCV x2  
  59  7:42  SCV x2  
  59  7:44  Supply Depot  
  61  7:54  SCV x2  
  67  8:03  Barracks Reactor  
  67  8:08  Barracks Tech Lab  
  67  8:09  Barracks Tech Lab x2  
Tags
 
Add a new tag
Caveats
  • Supply blocks, unpowered buildings, or Contaminate may cause inaccurate times.
  • Supply counts are checked every 10 seconds.